 Dungeon Crawl Stone Soup version 0.31.0-11-ge490571c62 (webtiles) character file.

Game seed: 5783155008954491807

168 night the Shooter (level 5, -11/42 HPs)
             Began as a Demigod Hunter on Jan 27, 2024.
             Mangled by Menkaure (18 damage)
             ... on level 4 of the Dungeon.
             The game lasted 00:04:07 (2273 turns).

night the Shooter (Demigod Hunter)                  Turns: 2273, Time: 00:04:08

Health: -11/42     AC:  4    Str: 12    XL:     5   Next: 3%
Magic:  7/7        EV: 13    Int: 11    God:
Gold:   70         SH:  0    Dex: 21    Spells: 4/4 levels left

rFire   . . .        a - +0 shortbow
rCold   . . .        (shield currently unavailable)
rNeg    . . .        c - +1 leather armour
rPois   .            (no helmet)
rElec   .            (no cloak)
rCorr   .            (no gloves)
SInv    .            (no boots)
Will    .....        (no amulet)
Stlth   ++           l - ring of flight
HPRegen 0.27/turn    (no ring)
MPRegen 0.10/turn

%: no passive effects
@: flying
A: high MP 1, forlorn, divine attributes
a: no special abilities


You were on level 4 of the Dungeon.
You visited 1 branch of the dungeon, and saw 4 of its levels.

You collected 70 gold pieces.

Inventory:

Hand Weapons
 a - a +0 shortbow (weapon)
Missiles
 f - 46 stones
 j - 6 atropa-tipped darts
Armour
 c - a +1 leather armour (worn)
Jewellery
 l - a ring of flight (left hand)
Scrolls
 b - a scroll of butterflies
 d - a scroll of amnesia
 e - 4 scrolls of noise
 g - a scroll of vulnerability {unknown}
Potions
 h - a potion of brilliance {unknown}
 i - a potion of enlightenment {unknown}


   Skills:
 + Level 2.7 Fighting
 * Level 4.7 Ranged Weapons
 + Level 2.6 Dodging
 + Level 2.3 Stealth


You had 4 spell levels left.
You didn't know any spells.
Your spell library contained the following spells:

 Spells                   Type           Power      Damage    Failure   Level
 Ensorcelled Hibernation  Hex/Ice        0%         N/A       56%         2
 Passwall                 Erth           0%         N/A       80%         3
 Swiftness                Air            0%         N/A       80%         3
 Vhi's Electric Charge    Tloc/Air       0%         N/A       99%         4
 Arcjolt                  Conj/Air       0%         1d10      100%        5
 Plasma Beam              Fire/Air       0%         2x1d10    100%        6


Dungeon Overview and Level Annotations

Branches:
Dungeon (4/15)
 Temple: D:4-7

Annotations:
D:2 Natasha, Sigmund
D:4 Menkaure


Innate Abilities, Weirdness & Mutations

You have an increased reservoir of magic. (+10% MP)
You shall have no god before yourself.
Your divine heritage dramatically boosts your attributes as you level up.


Message History

You kill the ball python!
No target in view!
e - 4 scrolls of noise (gained 1)
Found a robe.
Done exploring.
Done exploring.
What level of the Dungeon? (default 2, ? - help)
There is a stone staircase leading down, spattered with blood here.
You fly downwards.
There is a stone staircase leading up, spattered with blood here.
You reach down and open the door.
Menkaure, Prince of Dust comes into view.
You shoot an arrow.
The arrow hits Menkaure but does no damage.
You shoot an arrow. The arrow barely misses Menkaure.
You shoot an arrow.
The arrow hits Menkaure but does no damage.
You shoot an arrow. The arrow barely misses Menkaure.
You shoot an arrow. The arrow barely misses Menkaure.
Menkaure casts a spell at you. Pain shoots through your body!
There is a stone staircase leading up, spattered with blood here.
You shoot an arrow. The arrow hits Menkaure!
Menkaure is moderately damaged.
Menkaure mumbles a few words.
You shoot an arrow. The arrow barely misses Menkaure.
Menkaure murmurs drily.
You shoot an arrow. The arrow hits Menkaure.
Menkaure is heavily damaged.
Menkaure closely misses you.
You shoot an arrow. The arrow closely misses Menkaure.
Menkaure hits you!!
* * * LOW HITPOINT WARNING * * *
You shoot an arrow. The arrow hits Menkaure.
Menkaure is heavily damaged.
Menkaure hits you.
* * * LOW HITPOINT WARNING * * *
You shoot an arrow. The arrow hits Menkaure.
Menkaure is severely damaged.
Menkaure hits you!!
You die...

+....+.# #....#.#
#....#.#### ###.#
#....#.#.. ....#
#....#.#.#####...#
#....#'#.........+
. #.............#
# #.............#
# #...M@........#
# #.............#
# #)....)....####
# #..........# #
#..........# ###
#..........# #>.
#..........# #.#
#..........# #.#
##########'### #.#


You could see Menkaure.

Vanquished Creatures
  Natasha (D:2)
  An iguana (D:4)
  5 adders
  A dart slug (D:1)
  2 ribbon worms (D:3)
  An orc (D:4)
  4 bats
  9 endoplasms
  3 giant cockroaches
  A goblin (D:1)
  10 hobgoblins
  2 quokkas
  9 ball pythons
  8 frilled lizards
  5 kobolds
  4 rats
66 creatures vanquished.

Notes
Turn   | Place    | Note
-------+----------+-------------------------------------------
     0 | D:1      | night the Demigod Hunter began the quest for the Orb.
     0 | D:1      | Reached XP level 1. HP: 17/17 MP: 3/3
    20 | D:1      | Reached skill level 1 in Stealth
    64 | D:1      | Reached skill level 2 in Fighting
    64 | D:1      | Reached skill level 2 in Dodging
    64 | D:1      | Reached XP level 2. HP: 24/24 MP: 4/4
   257 | D:1      | Reached skill level 4 in Ranged Weapons
   494 | D:1      | Reached XP level 3. HP: 29/29 MP: 5/5
   884 | D:2      | Noticed Natasha
   890 | D:2      | Killed Natasha
  1086 | D:2      | Reached XP level 4. HP: 29/37 MP: 6/6
  1296 | D:2      | Noticed Sigmund
  1297 | D:2      | Noticed Natasha
  1306 | D:2      | HP: 4/37 [cerulean imp/+1 spear[Natasha] (4)]
  1312 | D:2      | You fall into a shaft and drop 1 floor!
  1424 | D:3      | You fall into a shaft and drop 1 floor!
  1477 | D:4      | Reached skill level 2 in Stealth
  1850 | D:3      | Identified the +9 short sword of the Moon {drain, rElec rF+
                  | rC+}
  1896 | D:3      | Reached XP level 5. HP: 41/42 MP: 7/7
  2259 | D:4      | Noticed Menkaure
  2273 | D:4      | Mangled by Menkaure

Illustrated notes

Levels and vault maps discovered:
D:1:      lightli_molten_gateway, layout_basic
D:2:      layout_loops_ring, uniq_sigmund, uniq_natasha
D:3:      layout_rooms
D:4:      layout_basic, glass_columns_a, minmay_fractal_squares_gapless_5,
          uniq_menkaure, uniq_edmund

Skill      XL: |  1  2  3  4 |
---------------+-------------+-----
Stealth        | 1 2 |  2.3
Fighting       | 2 |  2.7
Dodging        | 2 |  2.6
Ranged Weapons | 4 |  4.7

Action                     |  1- 3 |  4- 6 || total
---------------------------+-------+-------++-------
   Fire: Shortbow          |    93 |   108 ||   201
    Use: Scroll            |       |     5 ||     5
         Potion            |       |     2 ||     2
 Armour: Leather armour    |    19 |    39 ||    58
  Dodge: Dodged            |    15 |    42 ||    57
